 Dungeon Crawl Stone Soup version 0.24-a0-446-g87df7205b4 (webtiles) character file.

Game seed: 16743346416276745086

2102 Craser22 the Cleaver (level 9, -4/70 HPs)
             Began as a Minotaur Berserker on June 24, 2019.
             Was a Priest of Trog.
             Killed from afar by a starcursed mass (9 damage)
             ... with an accursed screaming
             ... on level 1 of the Abyss.
             The game lasted 00:24:18 (4947 turns).

Craser22 the Cleaver (Minotaur Berserker)           Turns: 4947, Time: 00:24:18

Health: -4/70      AC: 13    Str: 22    XL:     9   Next: 7%
Magic:  8/8        EV:  7    Int:  4    God:    Trog [***...]
Gold:   313        SH:  0    Dex: 13    Spells: 8/8 levels left

rFire    + . .     SeeInvis .   a - +0 war axe
rCold    + . .     Gourm    +   (no shield)
rNeg     . . .     Faith    .   f - +0 plate armour
rPois    +         Spirit   .   (helmet restricted)
rElec    .         Reflect  .   D - scarf {rC+ rF+}
rCorr    .         Harm     .   y - +0 pair of gloves
MR       .....                  l - +0 pair of boots (curse)
Stlth    ..........             B - amulet of the gourmand
HPRegen  0.21/turn              A - +4 ring of slaying
MPRegen  0.11/turn              k - ring of poison resistance

@: confused
A: retaliatory headbutt, horns 2
a: Berserk, Trog's Hand, Renounce Religion


You were on level 1 of the Abyss.
You worshipped Trog.
Trog was most pleased with you.
You were very full.

You visited 1 branch of the dungeon, and saw 6 of its levels.
You visited the Abyss 1 time.

You collected 313 gold pieces.


Innate Abilities, Weirdness & Mutations

You reflexively headbutt those who attack you in melee.
You have a pair of horns on your head.


   Skills:
 - Level 3.6 Fighting
 + Level 13.8 Axes
 - Level 2.4 Armour
 - Level 2.1 Dodging
 + Level 1.9 Stealth


You had 8 spell levels left.
You didn't know any spells.
Your spell library was empty.

Inventory:

Hand Weapons
 a - a +0 war axe (weapon)
 b - a +1 flail of protection
Missiles
 h - 259 stones (quivered)
Armour
 f - a +0 plate armour (worn)
 l - a cursed +0 pair of boots (worn)
 x - a +0 cloak
 y - a +0 pair of gloves (worn)
 D - a scarf of resistance (worn)
Jewellery
 g - a +5 ring of intelligence
 k - a ring of poison resistance (right hand)
 A - a +4 ring of slaying (left hand)
 B - an amulet of the gourmand (around neck)
Scrolls
 d - 3 scrolls of enchant armour {unknown}
 i - 2 scrolls of teleportation {unknown}
 p - 4 scrolls of fear
 q - 2 scrolls of fog {unknown}
 r - a scroll of remove curse {unknown}
 u - a scroll of magic mapping {unknown}
 C - a scroll of immolation {unknown}
 E - 4 scrolls of enchant weapon {unknown}
Potions
 e - 2 potions of invisibility {unknown}
 j - a potion of berserk rage {unknown}
 m - a potion of brilliance {unknown}
 n - a potion of heal wounds {@q2}
 o - 5 potions of curing {@q1}
 s - 2 potions of lignification {unknown}
 t - a potion of ambrosia {unknown}
 w - 2 potions of haste {unknown}
 z - a potion of flight {unknown}
Comestibles
 c - 11 rations

Dungeon Overview and Level Annotations

Branches:
Dungeon (6/15)             Temple (0/1) D:4

Altars:
Ashenzari
Cheibriados
Elyvilon
Fedhas
Hepliaklqana
Nemelex Xobeh
Ru
Uskayaw
Wu Jian
Yredelemnul
The Shining One

Annotations:
D:6 1 runed translucent door, Crazy Yiuf

▒. ▒ ▒ ▒.▒ ▒.▒ .
..▒▒ . ▒ ... .▒
. ▒.▒▒.▒ ▒...
▒..▒.▒▒▒▒▒ ▒. .
▒...▒▒.▒▒
▒▒▒▒▒..▒
▒H.x.X▒▒▒▒▒...
..
▒..X.▒XG▒▒.▒....
.
▒........▒.GX▒▒.
.
▒..▒.▒▒▒▒▒.X....
▒▒▒ ▒▒....
▒.▒..▒.▒ ..
.▒.▒.▒ ▒...▒▒▒▒
▒ ▒▒.▒ .. .▒...
(. .▒ ..▒ .▒▒▒.
▒. ▒..▒.▒ .


You could see 2 starcursed masses, a large abomination, a small abomination and
a golden eye.


Message History

You bump into the rock wall.
The small abomination hits you but does no damage.
A starcursed mass splits.
A starcursed mass splits.
You bump into the rock wall.
The small abomination hits you.
* * * LOW HITPOINT WARNING * * *
A starcursed mass splits.
The golden eye blinks at you. You resist with almost no effort.
A chorus of shrieks assaults your mind.
* * * LOW HITPOINT WARNING * * *
A starcursed mass splits.
The golden eye blinks at you.
You are more confused.
A chorus of shrieks assaults your mind.
* * * LOW HITPOINT WARNING * * *
The small abomination hits you!
* * * LOW HITPOINT WARNING * * *
The golden eye blinks at you.
You are more confused.
You hit the large abomination.
Your headbutt misses the large abomination.
The large abomination is lightly damaged.
You slash the small abomination! The small abomination hits you.
* * * LOW HITPOINT WARNING * * *
The large abomination hits you but does no damage.
A chorus of shrieks assaults your mind.
You die...

Action                   |  1- 3 |  4- 6 |  7- 9 || total
-------------------------+-------+-------+-------++-------
Melee: Hand axe          |    91 |    13 |       ||   104
       Headbutt          |    12 |    31 |    22 ||    65
       War axe           |       |   127 |   123 ||   250
Invok: Berserk           |       |     2 |     1 ||     3
  Use: Scroll            |       |     7 |     3 ||    10
       Potion            |       |       |     1 ||     1
  Eat: Chunk             |     1 |    10 |    14 ||    25
Armor: Animal skin       |     9 |       |       ||     9
       Chain mail        |    11 |       |       ||    11
       Plate armour      |    19 |    94 |    73 ||   186
Dodge: Dodged            |    47 |    52 |    27 ||   126

Levels and vault maps discovered:
D:1:      ebering_trefoil_twist, layout_rooms
D:2:      layout_basic, ashenzari_conservatory_becter
D:3:      layout_loops_corners, old_standard_altar
D:4:      layout_rooms, nicolae_ru_great_annihilating_truth, temple_doors_cd
D:5:      layout_rooms, kennysheep_little_box, minitemple, first_ration,
          minmay_liquid_box, uniq_duvessa
D:6:      layout_loops_ring, kennysheep_mini, lemuel_coloured_pillars_altar,
          old_standard_altar, gammafunk_ghost_nasty_kobolds,
          minmay_starry_boxes, uniq_pikel, uniq_crazy_yiuf_cottage
Abyss:1

Notes
Turn   | Place    | Note
-------+----------+-------------------------------------------
     0 | D:1      | Craser22 the Minotaur Berserker began the quest for the
                  | Orb.
     0 | D:1      | Reached XP level 1. HP: 19/19 MP: 0/0
   169 | D:1      | Reached skill level 4 in Axes
   312 | D:1      | Reached XP level 2. HP: 13/26 MP: 1/1
   760 | D:2      | Reached skill level 5 in Axes
   760 | D:2      | Reached XP level 3. HP: 28/31 MP: 2/2
   858 | D:2      | Found a shattered altar of Ashenzari.
  1068 | D:2      | Reached ** piety under Trog
  1388 | D:3      | Reached XP level 4. HP: 38/39 MP: 3/3
  1426 | D:3      | Found a hazy altar of Hepliaklqana.
  1621 | D:3      | Reached skill level 6 in Axes
  2233 | D:3      | Reached XP level 5. HP: 43/45 MP: 4/4
  2417 | D:4      | Noticed an ogre
  2427 | D:4      | Killed an ogre
  2427 | D:4      | Reached skill level 7 in Axes
  2427 | D:4      | Reached skill level 1 in Stealth
  2632 | D:3      | Reached XP level 6. HP: 42/51 MP: 5/5
  2736 | D:4      | Reached skill level 8 in Axes
  2756 | D:4      | Reached *** piety under Trog
  2928 | D:4      | Found a staircase to the Ecumenical Temple.
  2969 | D:4      | Found a sacrificial altar of Ru.
  3093 | D:5      | Entered Level 5 of the Dungeon
  3221 | D:5      | Noticed Duvessa
  3221 | D:5      | Noticed Dowan
  3230 | D:5      | Killed Duvessa
  3230 | D:5      | Reached skill level 9 in Axes
  3230 | D:5      | Reached XP level 7. HP: 57/57 MP: 6/6
  3234 | D:5      | Killed Dowan
  3283 | D:5      | Found a glowing golden altar of the Shining One.
  3374 | D:5      | Found a snail-covered altar of Cheibriados.
  3374 | D:5      | Found an ornate altar of the Wu Jian Council.
  3398 | D:5      | Reached skill level 10 in Axes
  3455 | D:5      | Found a blossoming altar of Fedhas.
  3456 | D:5      | Found a sparkling altar of Nemelex Xobeh.
  3538 | D:6      | Found a runed translucent gate.
  3538 | D:6      | Found a runed translucent gate.
  3538 | D:6      | Noticed hemabe's ghost (novice HuAr)
  3539 | D:6      | Found a runed translucent gate.
  3539 | D:6      | Identified the +3 dagger of the Realm of Zot {chaos, Str+2}
  3606 | D:6      | Noticed Pikel
  3623 | D:6      | Killed Pikel
  3623 | D:6      | Reached skill level 11 in Axes
  3623 | D:6      | Reached XP level 8. HP: 40/64 MP: 7/7
  3655 | D:5      | Reached skill level 12 in Axes
  3990 | D:6      | Found a white marble altar of Elyvilon.
  4159 | D:6      | Identified a scarf of resistance (You found it on level 6
                  | of the Dungeon)
  4192 | D:6      | Found a hide-covered altar of Uskayaw.
  4510 | D:6      | Reached skill level 13 in Axes
  4529 | D:6      | Found a basalt altar of Yredelemnul.
  4635 | D:6      | Found a runed translucent door.
  4636 | D:6      | Noticed Crazy Yiuf
  4721 | D:5      | Killed hemabe's ghost
  4721 | D:5      | Reached XP level 9. HP: 70/70 MP: 8/8
  4766 | D:6      | Cast into level 1 of the Abyss (big kobold)
  4884 | Abyss:1  | Noticed a large abomination
  4899 | Abyss:1  | Noticed a starcursed mass
  4942 | Abyss:1  | HP: 6/70 [starcursed mass/accursed screaming (6)]
  4947 | Abyss:1  | Killed from afar by a starcursed mass

Vanquished Creatures
  Pikel (D:6)
  The ghost of hemabe the Charlatan, a novice HuAr (D:5)
  Duvessa (D:5)
  An ice beast (D:5)
  A phantom (D:6)
  An ogre (D:4)
  2 centaurs
  2 big kobolds (D:6)
  2 gnoll sergeants (D:6)
  Dowan (D:5)
  2 howler monkeys
  A crimson imp (D:6)
  A gnoll shaman (D:6)
  An iguana (D:4)
  2 orc wizards
  8 worker ants
  A worker ant zombie (D:6)
  6 gnolls (D:6)
  10 adders
  A shadow imp (Abyss:1)
  3 oozes (D:3)
  An adder zombie (D:6)
  A worm (D:3)
  An adder skeleton (D:4)
  4 leopard geckos
  9 orcs
  3 ball pythons
  6 giant cockroaches
  2 goblins
  8 hobgoblins
  7 jackals
  8 kobolds
  5 quokkas
  6 bats
  7 frilled lizards
  4 rats
121 creatures vanquished.

Vanquished Creatures (others)
  3 slaves (D:6)
  An adder (D:6)
  A leopard gecko (D:6)
5 creatures vanquished.

Grand Total: 126 creatures vanquished
